 Dungeon Crawl Stone Soup version 0.26.1-11-gd32895ea62 (webtiles) character file.

Game seed: 10328550023151946897

42 kodamatunes15 the Skirmisher (level 3, -5/29 HPs)
             Began as a Vampire Abyssal Knight on May 3, 2021.
             Was a Believer of Lugonu.
             Killed from afar by Sigmund (8 damage)
             ... with a puff of flame
             ... on level 2 of the Dungeon.
             The game lasted 00:07:26 (1079 turns).

kodamatunes15 the Skirmisher (VpAK)                 Turns: 1079, Time: 00:07:27

Health: -5/29      AC:  5    Str: 12    XL:     3   Next: 33%
Magic:  3/4        EV: 11    Int: 14    God:    Lugonu [**....]
Gold:   22         SH:  0    Dex: 13    Spells: 2/2 levels left

rFire    . . .     SeeInvis +   a - +1 short sword
rCold    . . .     Faith    .   (no shield)
rNeg     . . .     Spirit   .   h - +0 ring mail
rPois    .         Reflect  .   (no helmet)
rElec    .         Harm     .   (no cloak)
rCorr    .         Rampage  .   (no gloves)
Will     .....                  (no boots)
Stlth    +.........             (no amulet)
HPRegen  0.29/turn              (no ring)
MPRegen  0.09/turn              (no ring)

@: regenerating quickly
A: fangs 3, see invisible, unbreathing
a: Exsanguinate, Renounce Religion, Depart the Abyss, Bend Space


You were on level 2 of the Dungeon.
You worshipped Lugonu.
Lugonu was pleased with you.
You visited 1 branch of the dungeon, and saw 2 of its levels.
You visited the Abyss 1 time.

You collected 22 gold pieces.

Inventory:

Hand Weapons
 a - a +1 short sword (weapon)
Missiles
 e - 23 stones
 f - 2 atropa-tipped darts
 i - 18 bolts
Armour
 b - a +0 leather armour
 h - a +0 ring mail (worn)
Scrolls
 d - a scroll of identify
Potions
 c - a potion of attraction
 g - a potion of brilliance {unknown}


   Skills:
 + Level 3.3 Fighting
 + Level 2.5 Short Blades
 + Level 1.1 Armour
 + Level 2.7 Dodging
 + Level 1.8 Invocations


You had 2 spell levels left.
You didn't know any spells.
Your spell library was empty.

Dungeon Overview and Level Annotations

Branches:
Dungeon (2/15)

Altars:

Annotations:
D:2 Sigmund


Innate Abilities, Weirdness & Mutations

Your natural rate of healing is unusually fast.
You have razor-sharp teeth.
You have supernaturally acute eyesight. (SInv)
You can survive without breathing.


Message History

The goblin is moderately wounded.
The goblin hits you but does no damage. Sigmund barely misses you.
You barely miss the goblin. Your bite misses the goblin.
The goblin is moderately wounded.
The goblin hits you but does no damage.
You hit the goblin but do no damage.
The goblin is moderately wounded.
The goblin hits you but does no damage.
Sigmund hits you from afar with a +0 scythe!
* * * LOW HITPOINT WARNING * * *
You closely miss the goblin.
The goblin is moderately wounded.
The goblin closely misses you. Sigmund barely misses you.
You hit the goblin.
You kill the goblin!
Lugonu accepts your kill.
You can now bend space around yourself.
Space bends around you!
You blink.
Sigmund points at you and mumbles some strange words.
The puff of flame hits you!
You die...

###### #....# ############
#....# #..........# #....####
. #..........####.......# ..
#........<....'....##.# ..
######'########.....#.##.#
#...........##.....#... #
#.###.###...##.@...#.##.#####
#.# #.#
#...###......ยง@......
#.###.###...######.####.#####
#.#.................# ..
##'#.#.#####.#.####.## .#
#....#.......#....... ..
#...................# ..
#................#### .
#...................


You could see Sigmund.

Vanquished Creatures
  A white imp (Abyss:1)
  An ooze (D:1)
  A worm (D:2)
  A ball python (D:1)
  2 giant cockroaches (D:1)
  5 goblins
  5 hobgoblins
  5 bats (D:1)
  2 frilled lizards (D:1)
  3 kobolds (D:1)
  A rat (D:2)
27 creatures vanquished.

Notes
Turn   | Place    | Note
-------+----------+-------------------------------------------
     0 | Abyss:1  | kodamatunes15 the Vampire Abyssal Knight began the quest
                  | for the Orb.
     0 | Abyss:1  | Reached XP level 1. HP: 17/17 MP: 2/2
    72 | Abyss:1  | Found a corrupted altar of Lugonu.
    93 | Abyss:1  | Reached skill level 3 in Fighting
   114 | D:1      | Escaped the Abyss
   148 | D:1      | Reached XP level 2. HP: 24/24 MP: 3/3
   433 | D:1      | Reached skill level 1 in Armour
   496 | D:1      | Reached XP level 3. HP: 28/29 MP: 4/4
  1068 | D:2      | Noticed Sigmund
  1077 | D:2      | Reached ** piety under Lugonu
  1079 | D:2      | Killed from afar by Sigmund

Illustrated notes

Levels and vault maps discovered:
D:1:      eino_arrival_cavern_b, layout_basic, serial_bayou_crossing
D:2:      layout_basic, lemuel_doored_altar, chequers_serial_rivers_small_a,
          uniq_crazy_yiuf_cottage, uniq_sigmund

Skill      XL: |  1  2 |
---------------+-------+-----
Fighting       | 3 |  3.3
Armour         | 1 |  1.1
Short Blades   | |  2.5
Dodging        | |  2.7
Invocations    | |  1.8

Action                   || total
-------------------------++-------
Melee: Short sword       ||   100
       Bite              ||    10
Invok: Bend Space        ||     1
  Use: Scroll            ||     2
Armor: Leather armour    ||    11
       Ring mail         ||    28
Dodge: Dodged            ||    60
